 Dungeon Crawl Stone Soup version 0.29.1 (webtiles) character file.

Game seed: 12791032508640351364

307 raistware the Conjurer (level 6, -1/37 (39) HPs)
             Began as an Octopode Conjurer on Sept 12, 2022.
             Slain by a wight
             ... wielding a +3 long sword
              (3 damage)
             ... on level 4 of the Dungeon.
             The game lasted 00:05:42 (3695 turns).

raistware the Conjurer (Octopode Conjurer)          Turns: 3695, Time: 00:05:43

HP:   -1/37 (39)    AC:  1    Str:  7    XL:     6   Next: 40%
MP:   9/13          EV: 13    Int: 22    God:
Gold: 228           SH:  0    Dex: 10    Spells: 9/14 levels left

rFire   . . .      SeeInvis .   e - +2 mace (drain)
rCold   + . .      Faith    .   (no shield)
rNeg    . . .      Spirit   .   (helmet restricted)
rPois   .          Reflect  .   (no amulet)
rElec   .          Harm     .   f - ring of protection from cold
rCorr   +          Rampage  .   v - ring of resist corrosion
Will    .....      NoTele   +   (no ring)
Stlth   +++.......              (no ring)
HPRegen 0.12/turn               (no ring)
MPRegen 0.13/turn               (no ring)
                                (no ring)
                                (no ring)

@: immobile, very slightly contaminated, drained
A: almost no armour, amphibious, 8 rings, camouflage 1, gelatinous body 1,
(nimble swimmer 1), tentacles
a: no special abilities


You were on level 4 of the Dungeon.
You visited 1 branch of the dungeon, and saw 4 of its levels.

You collected 228 gold pieces.

Inventory:

Hand Weapons
 e - a +2 mace of draining (weapon)
Magical Staves
 i - a staff of death
Jewellery
 f - a ring of protection from cold (left tentacle)
 v - a ring of resist corrosion (right tentacle)
Scrolls
 c - 4 scrolls of identify {unknown}
 h - 2 scrolls of fear {unknown}
 k - 2 scrolls of fog {unknown}
 p - 2 scrolls of teleportation {unknown}
 q - 2 scrolls of immolation {unknown}
 r - a scroll of magic mapping {unknown}
 s - a scroll of vulnerability {unknown}
Potions
 a - 2 potions of magic
 b - 2 potions of flight {unknown}
 d - a potion of ambrosia {unknown}
 g - a potion of mutation {unknown}
 j - a potion of haste
 l - 5 potions of curing {unknown}
 m - a potion of might {unknown}
 n - a potion of berserk rage {unknown}
 o - 2 potions of resistance {unknown}
 t - a potion of heal wounds {unknown}
 u - a potion of degeneration {unknown}
 w - a potion of attraction {unknown}
 x - a potion of lignification {unknown}


   Skills:
 - Level 2.0 Fighting
 - Level 2.0 Dodging
 - Level 2.6 Stealth
 + Level 4.7 Spellcasting
 + Level 4.7 Conjurations
 - Level 2.0 Translocations


You had 9 spell levels left.
You knew the following spells:

 Your Spells              Type           Power      Damage    Failure   Level
a - Magic Dart            Conj           100%       1d8       1%          1
b - Iskenderun's Mystic   Conj/Tloc      19%        2d6       26%         4

Your spell library contained the following spells:

 Spells                   Type           Power      Damage    Failure   Level
 Searing Ray              Conj           52%        2d6       2%          2
 Dazzling Flash           Conj/Hex       30%        N/A       12%         3
 Ensorcelled Hibernation  Hex/Ice        10%        N/A       16%         2
 Poisonous Vapours        Pois/Air       10%        N/A       16%         2
 Spider Form              Tmut/Pois      5%         N/A       30%         3
 Fulminant Prism          Conj/Hex       7%         3d7       36%         4
 Anguish                  Hex/Necr       2%         N/A       71%         4
 Corpse Rot               Necr/Pois/Air  5%         N/A       71%         4


Dungeon Overview and Level Annotations

Branches:
Dungeon (4/15)
 Temple: D:4-7

Altars:
Elyvilon
Hepliaklqana
Zin

Annotations:
D:4 1 runed translucent door, PanSaczeczos's ghost, novice GrHW


Innate Abilities, Weirdness & Mutations

You cannot wear most types of armour.
You are amphibious.
You can wear up to eight rings at the same time.
Your skin changes colour to match your surroundings (Stealth+).
Your rubbery body absorbs attacks. (AC +1, EV +1)
((You are camouflaged when in or above water. (Stealth+)))
You have tentacles for arms and can constrict up to eight enemies at once.


Message History

There is an open door here.
Found 5 stones.
Found 5 datura-tipped darts.
Found a stone staircase leading down.
Found a ring mail.
You see here 5 stones.
Found a leather armour.
You open the door.
A ball python comes into view.
The ball python hisses angrily.
A ball python is nearby!
The magic dart hits the ball python!
You kill the ball python!
You can't see any susceptible monsters within range! (Use Z to cast anyway.)
You open the door.
There is an open door here.
c - 4 scrolls labelled XOSYGO KEXKOOT (gained 1)
x - a fizzy black potion
There is a stone staircase leading up here.
There is an open door here.
You open the door.
A hound and 3 wights come into view.
A wight is wielding a +0 vorpal battleaxe.
Found an iron wand.
Found a stone staircase leading up.
The hound barks!
You closely miss the wight. Your grab misses the wight.
The wight hits you with a +3 long sword!
The wight barely misses you.
You barely miss the wight. Your grab misses the wight.
The wight hits you with a +3 long sword!
* * * LOW HITPOINT WARNING * * *
Casting: Magic Dart (safe; 1% risk of failure)
Confirm with . or Enter, or press ? or * to list all spells.
The spell is extremely dangerous to miscast (26% risk of failure)!
Continue anyway?
You miscast Iskenderun's Mystic Blast.
You are very lightly contaminated with residual magic.
You feel a wrenching sensation.
You are magically locked in place.
The wight hits you with a +3 long sword!
* * * LOW HITPOINT WARNING * * *
You feel drained.
You die...

#.#'#'### #...
#.#.#.# ## . #.#.#.#
... #.#.#.# /...
#.#.#.# .....
#.#.#.######..zz..
#.#.#.##h..'.....<
#......#z###......
#####......#@# #####
#..........#.#
#....(.....#.#
#......>(..#.#
#####......#.# #
#....#'#.##.# ##### .
#....#.#.##.# #...# .
#....#.#.##'#####.#.#
#...[#.#............#
###


You could see a hound and a wight.

Vanquished Creatures
  A necrophage (D:4)
  A howler monkey (D:4)
  Crazy Yiuf (D:3)
  Natasha (thrice) (D:2)
  3 adders
  An ufetubus (D:4)
  A dart slug (D:3)
  2 orcs (D:3)
  8 ball pythons
  5 bats
  10 endoplasms
  5 giant cockroaches
  3 goblins
  5 hobgoblins
  2 jackals (D:4)
  6 kobolds
  3 quokkas
  4 frilled lizards (D:1)
  8 rats
72 creatures vanquished.

Notes
Turn   | Place    | Note
-------+----------+-------------------------------------------
     0 | D:1      | raistware the Octopode Conjurer began the quest for the
                  | Orb.
     0 | D:1      | Reached XP level 1. HP: 11/11 MP: 3/3
   161 | D:1      | Reached XP level 2. HP: 17/17 MP: 2/5
   710 | D:1      | Found a faded altar of an unknown god.
   751 | D:2      | Reached XP level 3. HP: 21/21 MP: 3/7
   892 | D:2      | Noticed Natasha
   899 | D:2      | Killed Natasha
  1267 | D:2      | Reached XP level 4. HP: 27/27 MP: 7/9
  1296 | D:2      | Learned a level 4 spell: Iskenderun's Mystic Blast
  1668 | D:2      | Noticed Natasha
  1672 | D:2      | Killed Natasha
  1673 | D:2      | Reached skill level 1 in Translocations
  1777 | D:2      | Noticed Natasha
  1785 | D:2      | Killed Natasha
  1786 | D:2      | Reached XP level 5. HP: 19/32 MP: 11/11
  2435 | D:3      | Reached skill level 1 in Fighting
  2482 | D:3      | Found a hazy altar of Hepliaklqana.
  2545 | D:3      | Found a glowing silver altar of Zin.
  2552 | D:3      | Found a white marble altar of Elyvilon.
  2922 | D:3      | Found a runed translucent door.
  2923 | D:3      | Noticed Crazy Yiuf
  2934 | D:3      | Killed Crazy Yiuf
  3219 | D:4      | Reached XP level 6. HP: 39/39 MP: 5/12
  3536 | D:4      | Found a runed translucent door.
  3536 | D:4      | Noticed PanSaczeczos's ghost (novice GrHW)
  3695 | D:4      | Slain by a wight

Illustrated notes

Levels and vault maps discovered:
D:1:      lightli_arrival_windingriver, layout_rooms,
          shapermc_ecumenical_altar_mp_urbaneastern,
          corexii_item_surrounded_by_moat
D:2:      layout_basic, dreamdust_princess_bridge, minmay_puff, uniq_natasha
D:3:      layout_rooms, lemuel_crystal_altar, nicolae_overflow_hidden_temple,
          uniq_crazy_yiuf_cottage
D:4:      layout_basic, gammafunk_ghost_grave, st_stairs_13

Skill      XL: |  1  2  3  4  5  6 |
---------------+-------------------+-----
Spellcasting   | 3 4 |  4.7
Translocations | 2 |  2.0
Fighting       | 1 2 |  2.0
Dodging        | |  2.0
Stealth        | |  2.6
Conjurations   | |  4.7

Action                   |  1- 3 |  4- 6 || total
-------------------------+-------+-------++-------
Melee: Mace              |     9 |    26 ||    35
       Tentacles         |     2 |     4 ||     6
       Constrict         |     1 |     7 ||     8
 Cast: Magic Dart        |    55 |    71 ||   126
       Iskenderun's Myst |       |     1 ||     1
  Use: Potion            |       |     1 ||     1
 Stab: Sleeping          |     1 |     5 ||     6
Armor: Skin              |     1 |     1 ||     2
Dodge: Dodged            |    12 |    16 ||    28
